 Dungeon Crawl Stone Soup version 0.30-a0-824-g6c64550be9 (webtiles) character file.

Game seed: 9467244689986956199

86 sircluck the Covert (level 4, -6/41 HPs)
             Began as a Gnoll Delver on Feb 27, 2023.
             Mangled by a bullfrog (8 damage)
             ... on level 6 of the Dungeon.
             The game lasted 00:00:15 (71 turns).

sircluck the Covert (Gnoll Delver)                    Turns: 71, Time: 00:00:16

Health: -6/41      AC:  3    Str: 13    XL:     4   Next: 49%
Magic:  2/5        EV: 13    Int: 10    God:
Gold:   21         SH:  0    Dex: 13    Spells: 5/5 levels left

rFire   . . .      SeeInvis .    a - +0 falchion
rCold   . . .      Faith    .    (no shield)
rNeg    . . .      Spirit   .    b - +0 leather armour
rPois   .          Reflect  .    (no helmet)
rElec   .          Harm     .    (no cloak)
rCorr   .          Rampage  .    (no gloves)
Will    .....                    (no boots)
Stlth   ++++                     (no amulet)
HPRegen 0.26/turn                (no ring)
MPRegen 0.09/turn                (no ring)

@: no status effects
A: fangs 1, strong nose, distributed training
a: no special abilities


You were on level 6 of the Dungeon.
You visited 1 branch of the dungeon, and saw 2 of its levels.

You collected 21 gold pieces.

Inventory:

Hand Weapons
 a - a +0 falchion (weapon)
Armour
 b - a +0 leather armour (worn)
Wands
 g - a wand of digging (3)
Scrolls
 c - a scroll of fog
 d - a scroll of magic mapping
 e - a scroll of fear
Potions
 f - a potion of haste


   Skills:
 + Level 6.6 Fighting
 + Level 1.2 Short Blades
 + Level 4.6 Long Blades
 + Level 1.2 Axes
 + Level 1.2 Maces & Flails
 + Level 1.2 Polearms
 + Level 1.2 Staves
 + Level 1.2 Ranged Weapons
 + Level 1.2 Throwing
 + Level 1.2 Armour
 + Level 4.6 Dodging
 + Level 9.6 Stealth
 + Level 1.2 Shields
 + Level 1.2 Unarmed Combat
 + Level 1.2 Spellcasting
 + Level 1.0 Conjurations
 + Level 1.0 Hexes
 + Level 1.0 Summonings
 + Level 1.0 Necromancy
 + Level 1.0 Translocations
 + Level 1.0 Transmutations
 + Level 1.0 Fire Magic
 + Level 1.0 Ice Magic
 + Level 1.0 Air Magic
 + Level 1.0 Earth Magic
 + Level 1.0 Poison Magic
 + Level 1.3 Invocations
 + Level 1.2 Evocations


You had 5 spell levels left.
You didn't know any spells.
Your spell library was empty.

Dungeon Overview and Level Annotations

Branches:
Dungeon (6/15)
 Temple: D:4-7

Altars:


Innate Abilities, Weirdness & Mutations

You have very sharp teeth.
Your uncanny sense of smell can sniff out nearby items.
Your experience applies equally to all skills.


Message History

The sentinel's mark upon you fades away.
The bullfrog hits you. The giant cockroach closely misses you.
The quokka bites you. The quokka misses you. The bullfrog barely misses you.
You are too injured to fight recklessly!
You are too injured to fight recklessly!
You are too injured to fight recklessly!
You are too injured to fight recklessly!
You are too injured to fight recklessly!
You are too injured to fight recklessly!
You are too injured to fight recklessly!
You are too injured to fight recklessly!
You are too injured to fight recklessly!
You are too injured to fight recklessly!
You are too injured to fight recklessly!
You hit the bullfrog but do no damage.
The bullfrog is moderately wounded.
The giant cockroach barely misses you. The bullfrog barely misses you.
The quokka bites you. The quokka barely misses you.
A gnoll comes into view. It is wielding a +0 whip.
The giant cockroach misses you.
You hit the bullfrog.
The bullfrog is heavily wounded.
The bullfrog hits you but does no damage.
The quokka bites you but does no damage.
The quokka closely misses you. The bullfrog hits you.
* * * LOW HITPOINT WARNING * * *
The giant cockroach bites you.
* * * LOW HITPOINT WARNING * * *
The quokka completely misses you.
You slash the bullfrog!
The bullfrog is almost dead.
The quokka barely misses you. The bullfrog hits you.
* * * LOW HITPOINT WARNING * * *
A gnoll comes into view. It is wielding a +0 spear.
The giant cockroach closely misses you.
The quokka bites you but does no damage.
The quokka bites you.
* * * LOW HITPOINT WARNING * * *
The quokka barely misses you. The bullfrog hits you!
You die...

### ############
####.#####..#.......##
#....................#
#...................#
#.............B....#
#......#....grrr..##
#...[..##...rF@..##
#<.....##..goB.###
#.....####..o###
##...## #..g# #..##
##..# #### ##.# .# ..∆


You could see a bullfrog, 3 gnolls, 2 orcs, 4 quokkas and 2 giant cockroaches.

Vanquished Creatures
  An ogre (D:6)
  An orc (D:6)
  2 giant cockroaches (D:6)
4 creatures vanquished.

Notes
Turn   | Place    | Note
-------+----------+-------------------------------------------
     0 | D:5      | Reached skill level 9 in Stealth
     0 | D:5      | sircluck the Gnoll Delver began the quest for the Orb.
     0 | D:5      | Reached XP level 1. HP: 23/23 MP: 1/1
    14 | D:5      | Noticed a jelly
    45 | D:6      | Noticed an ogre
    54 | D:6      | Killed an ogre
    55 | D:6      | Reached skill level 1 in Short Blades
    55 | D:6      | Reached skill level 1 in Axes
    55 | D:6      | Reached skill level 1 in Maces & Flails
    55 | D:6      | Reached skill level 1 in Polearms
    55 | D:6      | Reached skill level 1 in Staves
    55 | D:6      | Reached skill level 1 in Ranged Weapons
    55 | D:6      | Reached skill level 1 in Throwing
    55 | D:6      | Reached skill level 1 in Armour
    55 | D:6      | Reached skill level 1 in Shields
    55 | D:6      | Reached skill level 1 in Unarmed Combat
    55 | D:6      | Reached skill level 1 in Spellcasting
    55 | D:6      | Reached skill level 1 in Conjurations
    55 | D:6      | Reached skill level 1 in Hexes
    55 | D:6      | Reached skill level 1 in Summonings
    55 | D:6      | Reached skill level 1 in Necromancy
    55 | D:6      | Reached skill level 1 in Translocations
    55 | D:6      | Reached skill level 1 in Transmutations
    55 | D:6      | Reached skill level 1 in Fire Magic
    55 | D:6      | Reached skill level 1 in Ice Magic
    55 | D:6      | Reached skill level 1 in Air Magic
    55 | D:6      | Reached skill level 1 in Earth Magic
    55 | D:6      | Reached skill level 1 in Poison Magic
    55 | D:6      | Reached skill level 1 in Invocations
    55 | D:6      | Reached skill level 1 in Evocations
    55 | D:6      | Reached XP level 2. HP: 28/29 MP: 1/3
    55 | D:6      | Reached XP level 3. HP: 34/35 MP: 1/4
    55 | D:6      | Reached XP level 4. HP: 40/41 MP: 1/5
    58 | D:6      | Noticed a bullfrog
    71 | D:6      | HP: 2/41 [quokka (1)]
    71 | D:6      | Mangled by a bullfrog

Illustrated notes

Levels and vault maps discovered:
D:5:      kennysheep_big_flooded_room, layout_basic
D:6:      layout_cave_pods, gup_sewer_entry_pipe

Skill      XL: |  1 |
---------------+----+-----
Stealth        | |  9.6
Short Blades   | 1 |  1.2
Axes           | 1 |  1.2
Maces & Flails | 1 |  1.2
Polearms       | 1 |  1.2
Staves         | 1 |  1.2
Ranged Weapons | 1 |  1.2
Throwing       | 1 |  1.2
Armour         | 1 |  1.2
Shields        | 1 |  1.2
Unarmed Combat | 1 |  1.2
Spellcasting   | 1 |  1.2
Conjurations   | 1 |  1.0
Hexes          | 1 |  1.0
Summonings     | 1 |  1.0
Necromancy     | 1 |  1.0
Translocations | 1 |  1.0
Transmutations | 1 |  1.0
Fire Magic     | 1 |  1.0
Ice Magic      | 1 |  1.0
Air Magic      | 1 |  1.0
Earth Magic    | 1 |  1.0
Poison Magic   | 1 |  1.0
Invocations    | 1 |  1.3
Evocations     | 1 |  1.2
Fighting       | |  6.6
Long Blades    | |  4.6
Dodging        | |  4.6

Action                     |  1- 3 |  4- 6 || total
---------------------------+-------+-------++-------
  Melee: Falchion          |     7 |    17 ||    24
         Bite              |       |     3 ||     3
 Armour: Leather armour    |       |    15 ||    15
  Dodge: Dodged            |     7 |    39 ||    46

Table legend: (Time is in decaauts)
 A = Elapsed time spent in this place.
 B = Non-inter-level travel time spent in this place.
 C = Inter-level travel time spent in this place.
 D = Time resting spent in this place.
 E = Time spent auto-exploring this place.
 F = Levels seen in this place.
 G = Mean time per level.
                   A        B        C        D        E       F      G
               +--------+--------+--------+--------+--------+-----+--------+
         Total |     72 |     72 |      0 |      0 |     29 |   2 |   36.0 |
       Dungeon |     72 |     72 |      0 |      0 |     29 |   2 |   36.0 |
               +--------+--------+--------+--------+--------+-----+--------+

Top non-repeatable levels by time:
     D:6: 44 daAuts
     D:5: 28 daAuts
